 Dungeon Crawl Stone Soup version 0.31.0-9-g3a7656b989 (webtiles) character file.

Game seed: 18167769787735767942

1 RancidPinata the Sneak (level 1, -12/14 HPs)
             Began as a Gargoyle Delver on Jan 24, 2024.
             Mangled by a gnoll
             ... wielding a +0 halberd
             ... led by a gnoll sergeant
              (13 damage)
             ... on level 5 of the Dungeon.
             The game lasted 00:01:27 (212 turns).

RancidPinata the Sneak (Gargoyle Delver)             Turns: 212, Time: 00:01:27

Health: -12/14     AC:  5    Str: 15    XL:     1   Next: 20%
Magic:  1/1        EV: 11    Int: 10    God:
Gold:   12         SH:  0    Dex: 11    Spells: 0/0 levels left

rFire   . . .        a - +0 mace
rCold   . . .        (no shield)
rNeg    + . .        b - +0 leather armour
rPois   ∞            (no helmet)
rElec   +            (no cloak)
rCorr   .            (no gloves)
SInv    .            (no boots)
Will    .....        (no amulet)
Stlth   ++           (no ring)
HPRegen 0.22/turn    (no ring)
MPRegen 0.07/turn

%: no passive effects
@: marked, very slow
A: sickness immunity, AC +2, negative energy resistance 1, electricity
resistance, torment resistance 1, petrification resistance
a: no special abilities


You were on level 5 of the Dungeon.
You visited 1 branch of the dungeon, and saw 1 of its levels.

You collected 12 gold pieces.

Inventory:

Hand Weapons
 a - a +0 mace (weapon)
Armour
 b - a +0 leather armour (worn)
Wands
 g - a wand of digging (3)
Scrolls
 c - a scroll of fog
 e - a scroll of torment {unknown}
Potions
 d - a potion of magic {unknown}
 f - a potion of haste


   Skills:
 + Level 3.3 Fighting
 + Level 2.0 Maces & Flails
 + Level 1.6 Dodging
 + Level 5.5 Stealth


You couldn't memorise any spells.
You didn't know any spells.
Your spell library was empty.

Dungeon Overview and Level Annotations

Branches:
Dungeon (5/15)
 Temple: D:4-7

Altars:

Portals:
Sewer: D:5

Annotations:
D:5 Menkaure


Innate Abilities, Weirdness & Mutations

You are immune to sickness and miasma.
Your stone body is resilient. (AC +2)
You are immune to poison.
You resist negative energy. (rN+)
You are resistant to electric shocks. (rElec)
You are resistant to unholy torment.
You are immune to petrification.


Message History

Found a scroll labelled TYUTANL GEIQO.
Found a stone staircase leading up.
You see here a fuming dark potion.
d - a fuming dark potion You see here a scroll labelled TYUTANL GEIQO.
e - a scroll labelled TYUTANL GEIQO
Found a scroll labelled ATOCEA LANIGERR.
The gnoll attacks as it pursues you! The gnoll hits you but does no damage.
The gnoll attacks as it pursues you! The gnoll closely misses you.
You open the door. 2 gnolls come into view.
You hear the rusting of a drain very nearby.
There is an open door here.
A rat and a gnoll come into view.
The gnoll shouts!
A giant cockroach comes into view.
Found a glowing drain.
A giant cockroach and a hound come into view.
The gnoll shouts! x2
A river rat comes into view.
The gnoll attacks as it pursues you!
The gnoll hits you from afar with a +0 halberd.
The giant cockroach closely misses you.
You hit the giant cockroach.
You kill the giant cockroach!
The gnoll hits you from afar with a +0 halberd!
Ouch! That really hurt!
* * * LOW HITPOINT WARNING * * *
The giant cockroach closely misses you.
A gnoll sergeant opens the door.
You enter the shallow water.
Moving in this stuff is going to be slow.
A malevolent force fills the Dungeon...
With a horrendous wail, an alarm goes off!
A sentinel's mark forms upon you.
The rat squeaks loudly.
The river rat squeaks loudly.
The hound barks!
You hear a shout!
The giant cockroach attacks as it pursues you!
The giant cockroach splashes around in the water.
The gnoll hits you from afar with a +0 halberd!
Ouch! That really hurt!
You die...

.##.#*#.......#*,**,**,*
.##?###......#**,,,..,,*
.##.#*......#######.####*
....###...#*,...........*
...g.g.g.#**,#..........*
.#######.# #,#..........*
## #.# #.#...~~r....*
##g###.#..~~~~~...*
##...##....@~∩~~...*
##.....###g.B~~~~...* #
*#......ggg..r~~~....*
####.........#..........*
...+.........'.........#*
####.........####h..####
# ##.......## *#..# #
##.....## *#.# # ##...##
*.#


You could see a gnoll sergeant, a hound, 3 gnolls, a river rat, a giant
cockroach and a rat.

Vanquished Creatures
  A giant cockroach (D:5)
1 creature vanquished.

Notes
Turn   | Place    | Note
-------+----------+-------------------------------------------
     0 | D:5      | RancidPinata the Gargoyle Delver began the quest for the
                  | Orb.
     0 | D:5      | Reached XP level 1. HP: 14/14 MP: 1/1
    94 | D:5      | Noticed Menkaure
   141 | D:5      | Noticed a hound
   155 | D:5      | Noticed an iguana
   171 | D:5      | Noticed a gnoll sergeant
   206 | D:5      | Found a glowing drain.
   207 | D:5      | Noticed a hound
   212 | D:5      | Mangled by a gnoll

Illustrated notes

Levels and vault maps discovered:
D:5:      layout_loops_corners, nicolae_qazlal_eye_of_the_storm,
          portal_sewer_entry_a, uniq_menkaure

Action                     || total
---------------------------++-------
  Melee: Mace              ||     1
    Use: Scroll            ||     2
 Armour: Leather armour    ||     6
  Dodge: Dodged            ||     3
